 Dungeon Crawl Stone Soup version 0.27-a0-1202-ge72e49191c (webtiles) character file.

Game seed: 7599910279931828267

4745 bande the Shield-Bearer (level 10, -10/61 HPs)
             Began as a Gargoyle Fighter on June 4, 2021.
             Was a Believer of Okawaru.
             Mangled by a skeletal warrior
             ... wielding a +0 dire flail
              (22 damage)
             ... on level 8 of the Dungeon.
             The game lasted 00:19:04 (9776 turns).

bande the Shield-Bearer (Gargoyle Fighter)          Turns: 9776, Time: 00:19:05

Health: -10/61     AC: 19    Str: 22    XL:     10   Next: 46%
Magic:  15/15      EV: 16    Int:  9    God:    Okawaru [**....]
Gold:   687        SH: 13    Dex: 10    Spells: 15/15 levels left

rFire    . . .     SeeInvis +   a - +0 war axe (vorpal)
rCold    . . .     Faith    +   c - +0 kite shield
rNeg     + . .     Spirit   .   b - +0 scale mail
rPois    ∞         Reflect  .   g - +0 helmet
rElec    +         Harm     .   (no cloak)
rCorr    .         Rampage  .   (no gloves)
Will     .....                  e - +0 pair of boots
Stlth    +.........             u - amulet of faith
HPRegen  0.20/turn              k - +4 ring of evasion
MPRegen  0.14/turn              o - ring of see invisible

@: heroic
A: sickness immunity, AC +7, negative energy resistance 1, electricity
resistance, torment resistance 1, petrification resistance
a: Renounce Religion, Heroism


You were on level 8 of the Dungeon.
You worshipped Okawaru.
Okawaru was pleased with you.
You visited 1 branch of the dungeon, and saw 8 of its levels.
You also visited: Ossuary.

You collected 687 gold pieces.

Inventory:

Hand Weapons
 a - a +0 vorpal war axe (weapon)
 w - a +0 flail
Missiles
 x - a curare-tipped dart (quivered)
Armour
 b - a +0 scale mail (worn)
 c - a +0 kite shield (worn)
 e - a +0 pair of boots (worn)
 g - a +0 helmet (worn)
Jewellery
 k - a +4 ring of evasion (left hand)
 l - a ring of magical power
 m - the amulet "Wowuawauh" {Faith rF- Str+2 Dex+3}
   (You found it on level 4 of the Dungeon)

   [amulet of faith]

   It allows you to gain divine favour quickly.
   It affects your strength (+2).
   It affects your dexterity (+3).
   It makes you vulnerable to fire.
 o - a ring of see invisible (right hand)
 u - an amulet of faith (around neck)
Wands
 n - a wand of paralysis (6)
 q - a wand of polymorph (11)
 v - a wand of iceblast (8)
Scrolls
 r - a scroll of silence
 s - 4 scrolls of amnesia
 A - a scroll of magic mapping
 C - a scroll of teleportation
Potions
 d - 2 potions of might
 h - 3 potions of lignification
 i - 2 potions of resistance
 j - 2 potions of brilliance
 p - a potion of haste
 t - 4 potions of curing
 z - a potion of invisibility
 B - a potion of mutation {unknown}
 D - 2 potions of ambrosia {unknown}


   Skills:
 + Level 6.8(11.8) Fighting
 + Level 7.5(12.5) Axes
 + Level 7.0(12.0) Armour
 - Level 1.9(6.9) Dodging
 + Level 7.6(12.6) Shields
 + Level 3.3 Spellcasting
 * Level 4.0 Transmutations
 * Level 6.7 Invocations
 * Level 5.8 Evocations


You had 15 spell levels left.
You didn't know any spells.
Your spell library contained the following spells:

 Spells                   Type           Power      Damage    Failure   Level
 Freeze                   Ice            4%         1d3       63%         1
 Frozen Ramparts          Ice            2%         1d2       94%         3
 Ozocubu's Armour         Ice            1%         N/A       94%         3
 Hailstorm                Conj/Ice       1%         3d3       100%        4
 Metabolic Englaciation   Hex/Ice        0%         N/A       100%        5


Dungeon Overview and Level Annotations

Branches:
Dungeon (8/15)             Temple (0/1) D:6         Ossuary (visited)
   Lair: D:8-11

Altars:
Ashenzari
Gozag
Nemelex Xobeh
Okawaru
Qazlal
Sif Muna
Trog
Yredelemnul

Shops:
D:5 =


Innate Abilities, Weirdness & Mutations

You are immune to sickness and miasma.
Your stone body is resilient. (AC +7)
You are immune to poison.
You resist negative energy. (rN+)
You are resistant to electric shocks. (rElec)
You are resistant to unholy torment.
You are immune to petrification.


Message History

The skeletal warrior barely misses you.
You slash the skeletal warrior!
The skeletal warrior is heavily damaged.
You hit the skeletal warrior but do no damage.
The skeletal warrior is heavily damaged.
The skeletal warrior hits you but does no damage.
You barely miss the skeletal warrior.
The skeletal warrior is heavily damaged.
The skeletal warrior closely misses you.
You closely miss the skeletal warrior.
The skeletal warrior is heavily damaged.
You block the skeletal warrior's attack.
You barely miss the skeletal warrior.
The skeletal warrior is heavily damaged.
The skeletal warrior hits you with a +0 dire flail!
* * * LOW HITPOINT WARNING * * *
You closely miss the skeletal warrior.
The skeletal warrior is heavily damaged.
The skeletal warrior hits you with a +0 dire flail.
* * * LOW HITPOINT WARNING * * *
You hit the skeletal warrior but do no damage.
The skeletal warrior is heavily damaged.
The skeletal warrior hits you with a +0 dire flail!
* * * LOW HITPOINT WARNING * * *
You hit the skeletal warrior but do no damage.
The skeletal warrior is heavily damaged.
You block the skeletal warrior's attack.
You feel much better.
You block the skeletal warrior's attack.
You hit the skeletal warrior.
The skeletal warrior is heavily damaged.
The skeletal warrior hits you with a +0 dire flail!
You hit the skeletal warrior.
The skeletal warrior is heavily damaged.
The skeletal warrior hits you with a +0 dire flail!
* * * LOW HITPOINT WARNING * * *
You slash the skeletal warrior!
The skeletal warrior is severely damaged.
The skeletal warrior hits you with a +0 dire flail!!
You die...

# #.#.# #####. #########.#.# #.
..........#'############ #$
........................
#####..........##.......
....#...................
....#...........#....!).
#.#.#...........#.......
#.#.#...........@z......
#.###..........############## #.
............................. ..
.......####.###.[...).###########
######## #..........).'..........
######......)###########
#.....).# #......# #.......#
#....... #.......# #..#<#.#


You could see a skeletal warrior.

Vanquished Creatures
  2 skeletal warriors (D:8)
  A wraith (D:6)
  An orc warrior (D:8)
  2 ice beasts
  An ogre (D:7)
  A sky beast (D:5)
  A necrophage (D:5)
  A phantom (D:4)
  Blork the orc (D:6)
  2 kobold brigands (D:7)
  5 scorpions
  A water moccasin zombie (D:6)
  The ghost of Snicker the Sneak, a weakling DsBr (D:3)
  3 howler monkeys
  An electric eel (D:7)
  A bullfrog skeleton (D:5)
  3 gnoll shamans
  5 orc priests
  4 hounds
  2 jellies (D:8)
  2 iguanas (D:6)
  8 orc wizards
  2 scorpion zombies
  A hound zombie (D:3)
  8 mummies (Ossuary)
  A howler monkey zombie (D:6)
  19 gnolls
  11 adders
  A shadow imp (D:4)
  4 white imps
  An ufetubus (D:6)
  3 worms (D:2)
  2 dart slugs
  25 orcs
  3 endoplasms
  5 giant cockroaches
  10 goblins
  9 hobgoblins
  4 jackals (D:4)
  9 kobolds
  4 quokkas (D:2)
  9 ball pythons
  8 bats
  5 frilled lizards
  2 gnoll zombies (Ossuary)
  4 hobgoblin zombies (Ossuary)
  2 kobold zombies (Ossuary)
  8 rats
  2 rat zombies (D:8)
211 creatures vanquished.

Vanquished Creatures (others)
  An orc wizard (D:5)
1 creature vanquished.

Grand Total: 212 creatures vanquished

Notes
Turn   | Place    | Note
-------+----------+-------------------------------------------
     0 | D:1      | bande the Gargoyle Fighter began the quest for the Orb.
     0 | D:1      | Reached XP level 1. HP: 14/14 MP: 1/1
   108 | D:1      | Reached XP level 2. HP: 16/19 MP: 2/2
   476 | D:1      | Reached XP level 3. HP: 18/23 MP: 3/3
   872 | D:1      | Found a faded altar of an unknown god.
  1331 | D:2      | Reached XP level 4. HP: 29/29 MP: 4/4
  2424 | D:3      | Reached XP level 5. HP: 19/33 MP: 5/5
  2487 | D:3      | Found an opulent altar of Gozag.
  2521 | D:3      | Found a runed translucent gate.
  2521 | D:3      | Found a runed translucent gate.
  2521 | D:3      | Found a runed translucent gate.
  2521 | D:3      | Noticed Snicker's ghost (weakling DsBr)
  2523 | D:3      | Found a basalt altar of Yredelemnul.
  2568 | D:3      | Found a shimmering blue altar of Sif Muna.
  2661 | D:3      | HP: 1/33 [something (4)]
  2663 | D:3      | Reached skill level 1 in Dodging
  3641 | D:3      | Killed Snicker's ghost
  3642 | D:3      | Reached XP level 6. HP: 26/38 MP: 6/6
  3760 | D:4      | Identified the amulet "Wowuawauh" {Faith rF- Str+2 Dex+3}
  4036 | D:4      | Reached XP level 7. HP: 38/44 MP: 7/7
  4267 | D:4      | Reached skill level 5 in Shields
  4506 | D:5      | Entered Level 5 of the Dungeon
  4525 | D:5      | Reached skill level 5 in Axes
  4717 | D:5      | Reached skill level 1 in Evocations
  4717 | D:5      | Reached XP level 8. HP: 40/48 MP: 8/8
  4736 | D:5      | Reached skill level 5 in Evocations
  4736 | D:5      | Reached XP level 9. HP: 51/56 MP: 8/14
  4817 | D:5      | Found Pomigul's Jewellery Emporium.
  4903 | D:5      | Found a bloodstained altar of Trog.
  4903 | D:5      | Found an iron altar of Okawaru.
  4915 | D:5      | Became a worshipper of Warmaster Okawaru
  5534 | D:5      | Found a broken altar of Ashenzari.
  5534 | D:5      | Found a sparkling altar of Nemelex Xobeh.
  6076 | D:6      | Noticed Blork the orc
  6094 | D:6      | Killed Blork the orc
  7060 | D:6      | Found a staircase to the Ecumenical Temple.
  7312 | D:7      | Reached * piety under Okawaru
  7908 | D:7      | Found a stormy altar of Qazlal.
  8638 | D:8      | Reached XP level 10. HP: 55/61 MP: 15/15
  8875 | D:8      | Noticed a skeletal warrior
  8876 | D:8      | Noticed a skeletal warrior
  8887 | D:8      | Found a sand-covered staircase.
  8895 | Ossuary  | Entered an ossuary
  9026 | Ossuary  | Reached ** piety under Okawaru
  9319 | D:8      | HP: 2/61 [skeletal warrior/+0 battleaxe[a skeletal warrior]
                  | (10)]
  9324 | D:8      | Killed a skeletal warrior
  9341 | D:8      | Killed a skeletal warrior
  9341 | D:8      | Reached *** piety under Okawaru
  9743 | D:8      | Noticed a skeletal warrior
  9776 | D:8      | Mangled by a skeletal warrior

Illustrated notes

Levels and vault maps discovered:
D:1:      dpeg_arrival_line_fractal, layout_basic,
          hellmonk_ecumenical_altar_blasted
D:2:      minmay_alternating_diamond, layout_basic, minmay_fractal_squares_5
D:3:      layout_loops_corners, nicolae_sif_muna_little_library,
          amcnicky_altar_gilded, nicolae_yredelemnul_ghost_church,
          portal_sewer_entry_e, minmay_diced_spiral
D:4:      layout_rooms, hex_tiny
D:5:      layout_rooms, grunt_temple_overflow_bloody_war,
          gammafunk_temple_overflow_wave, serial_shops, shop
D:6:      layout_basic, minmay_temple_entry_poolview, uniq_blork_the_orc
D:7:      wad_woods_pond, layout_basic, nicolae_qazlal_eye_of_the_storm
D:8:      layout_basic, enter_ossuary_4, uniq_erica

Skill      XL: |  1  2  3  4  5  6  7  8  9 10 |
---------------+-------------------------------+-----
Axes           | 2 3 4 5 6 7 |  7.5
Shields        | 4 5 7 |  7.6
Armour         | 4 6 7 |  7.0
Fighting       | 4 6 |  6.8
Dodging        | 1 |  1.9
Evocations     | 1 5 |  5.8
Spellcasting   | 3 |  3.3
Transmutations | 3 4 |  4.0
Invocations    | 6 |  6.7

Action                   |  1- 3 |  4- 6 |  7- 9 | 10-12 || total
-------------------------+-------+-------+-------+-------++-------
Melee: War axe           |    77 |   290 |   358 |   119 ||   844
Invok: Heroism           |       |       |       |     3 ||     3
  Use: Scroll            |       |     5 |    13 |     1 ||    19
       Potion            |       |     2 |     2 |     6 ||    10
Armor: Scale mail        |    61 |   186 |   153 |    48 ||   448
Dodge: Dodged            |    28 |   142 |   205 |    42 ||   417
Block: Kite shield       |    48 |   205 |   215 |    55 ||   523

Table legend: (Time is in decaauts)
 A = Elapsed time spent in this place.
 B = Non-inter-level travel time spent in this place.
 C = Inter-level travel time spent in this place.
 D = Time resting spent in this place.
 E = Time spent auto-exploring this place.
 F = Levels seen in this place.
 G = Mean time per level.
                   A        B        C        D        E       F      G
               +--------+--------+--------+--------+--------+-----+--------+
         Total |  10159 |   9978 |    181 |   1573 |   5450 |   9 | 1128.8 |
       Dungeon |   9736 |   9555 |    181 |   1428 |   5371 |   8 | 1217.0 |
       Ossuary |    422 |    422 |      0 |    145 |     79 |   1 |  422.0 |
               +--------+--------+--------+--------+--------+-----+--------+

Top non-repeatable levels by time:
     D:3: 1697 daAuts
     D:6: 1620 daAuts
     D:7: 1305 daAuts
     D:2: 1237 daAuts
     D:5: 1026 daAuts
     D:1: 1019 daAuts
     D:8: 927 daAuts
     D:4: 902 daAuts
 Ossuary: 422 daAuts
